Map: Catalyst LE

Players

Reynor - Winner!

  • Race: Zerg Zerg
  • Spawn Location: 11:00

ArT

  • Race: Protoss Protoss
  • Spawn Location: 5:00

Event: WCS Valencia 2018

VOD

Have the link to the VOD?

Description

Time

  • Played on: July 12, 2018, 6:34 a.m.
  • Length: 4:09

All games in this series

Show
View Real Time Build Order
Export as new Build Order

Reynor Zerg - Winner!

Build Orders: Hatch First 

Get SALT Encoding   

  12  0:00  Drone  
  13  0:12  Overlord  
  13  0:17  Drone  
  14  0:31  Drone x2  
  16  0:49  Hatchery  
  15  0:52  Drone  
  15  0:55  Drone  
  17  0:59  Drone  
  18  1:10  Extractor  
  17  1:15  Spawning Pool  
  17  1:17  Drone  
  17  1:21  Drone  
  18  1:28  Drone  
  19  1:40  Overlord  
  19  1:49  Drone  
  20  2:02  Zergling x4  
  20  2:03  Queen x2  
  26  2:12  Zergling x2  
  26  2:13  Metabolic Boost  
  28  2:22  Drone  
  28  2:23  Drone  
  28  2:27  Overlord  
  29  2:34  Drone x2  
  31  2:38  Baneling Nest  
  31  2:43  Zergling x2  
  31  2:45  Zergling x2  
  32  2:54  Zergling x2  
  32  2:57  Zergling x2  
  34  3:04  Zergling x2  
  35  3:06  Zergling x2  
  35  3:11  Overlord  
  35  3:12  Zergling x8  
  40  3:15  Zergling x2  
  41  3:22  Baneling x5  
  41  3:24  Zergling x2  
  41  3:25  Zergling x2  
  43  3:28  Baneling  
  43  3:30  Zergling x2  
  43  3:32  Zergling x2  
  45  3:38  Zergling x2  
  45  3:41  Zergling x2  
  47  3:45  Zergling x6  
  47  3:50  Zergling x4  
  47  3:52  Zergling x2  
Show
View Real Time Build Order
Export as new Build Order

ArT Protoss 

Build Orders: 1 Gate Expand, Oracle Opening, Phoenix Opening 

Get SALT Encoding   

  12  0:00  Probe  
  13  0:12  Probe  
  14  0:18  Pylon  
  14  0:24  Probe  
  15  0:33  Probe  
  15  0:38  Gateway  
  15  0:41  Probe  
  16  0:49  Assimilator  
  17  0:51  Probe  
  18  1:03  Probe  
  19  1:15  Probe  
  20  1:26  Nexus  
  20  1:37  Cybernetics Core  
  20  1:39  Probe  
  21  1:46  Assimilator  
  21  1:51  Probe  
  22  2:03  Probe  
  23  2:17  Pylon  
  23  2:26  Adept  
  23  2:32  Stargate  
  23  2:34  Probe  
  23  2:35  Probe  
  25  2:43  Probe  
  26  2:46  Probe  
  28  2:52  Adept  
  28  2:54  Probe  
  28  2:55  Probe  
  32  3:03  Probe  
  32  3:06  Phoenix  
  32  3:07  Probe  
  32  3:09  Pylon  
  34  3:15  Probe  
  34  3:19  Probe  
  38  3:21  Oracle  
  38  3:27  Gateway  
  38  3:28  Probe  
  38  3:31  Probe  
  43  3:37  Assimilator  
  43  3:39  Assimilator  
  43  3:45  Shield Battery  
  41  3:48  Shield Battery  
  41  3:53  Shield Battery  
Tags
 
Add a new tag
Caveats
  • Supply blocks, unpowered buildings, or Contaminate may cause inaccurate times.
  • Supply counts are checked every 10 seconds.